[Event "Turkish Youth Teams U18 2024"]
[Site "Karaman"]
[Date "2024.04.21"]
[Round "3"]
[White "Durak, Can"]
[Black "Ersoz, Teoman Guney"]
[Result "1-0"]
[ECO "D00"]
[WhiteElo "2446"]
[BlackElo "2123"]
[Annotator "TA"]
[PlyCount "93"]
[EventDate "2024.04.21"]
[EventType "team-tourn"]
[EventCountry "TUR"]
[SourceTitle "playchess.com"]
[Source "ChessBase"]
[SourceQuality "1"]
[TimeControl "5400+30"]

1. d4 Nf6 2. Bg5 d5 3. e3 c5 4. Bxf6 gxf6 5. dxc5 e6 6. Nf3 Bxc5 7. c4 dxc4 8. Qc2 {[%emt 0:00:30] The position is equal.} Nc6 9. Bxc4 Qe7 10. O-O Bd7 11. a3 Rc8 12. Nc3 Bd6 13. Rad1 Ne5 14. Be2 Nxf3+ 15. Bxf3 Bc6 16. Nb5 Bb8 {[%emt 0:00:30] [#]} (16... Bc5 $1 $14 17. Bxc6+ Rxc6) 17. Nd4 $1 $16 {[%emt 0:04:30] White has more active pieces.} O-O 18. Bxc6 bxc6 19. Qe4 (19. Nxc6 $2 {is the wrong capture.} Qc7 20. g3 Qxc6 $19) 19... Qc5 {[%emt 0:02:30] Prevents Nf5.} (19... Qc7 $142 20. Nf3 c5) 20. Rc1 ({Better is} 20. b4 $16 Qh5 21. g3 (21. Nxc6 $2 Qxh2#)) 20... Qd5 $14 21. Qh4 {[%emt 0:00:00][%cal Of2f4] [#] f4! would now be deadly.} c5 22. Nf3 {[%emt 0:00:00][%cal Oe3e4] aiming for e4!} Qf5 23. Rc4 {[%emt 0:04:30] Hoping for Rg4+.} Kh8 24. Qe4 ({White should try} 24. e4 $16 Qg6 25. Rfc1) 24... Qxe4 $11 25. Rxe4 Bd6 26. Ra4 Rc7 27. Nd2 Rd8 28. Nc4 f5 29. Ra5 Kg7 30. Rb5 Be7 31. Rc1 Rcd7 {[%emt 0:00:30] ( -> ...Rd1+)} 32. Kf1 Rd5 33. Ke2 Bf6 34. Rc2 Kf8 35. a4 Ke7 ({Black should play} 35... R8d7) 36. Na5 Rc8 {[%emt 0:00:20] Dodges Nc6+} (36... R8d7 $16 {was necessary.}) 37. b4 $18 Be5 38. bxc5 a6 39. Rb7+ Rc7 (39... Ke8 $142) 40. Nc6+ Kd7 41. Nb8+ Kc8 42. Rxc7+ Bxc7 43. Nxa6 f4 $2 (43... Kb7) 44. Nxc7 Kxc7 45. exf4 Rd4 46. Ke3 Rxa4 47. c6 {[%emt 0:00:30] Weighted Error Value: White=0.11 (very precise) /Black=0.22 (precise) .  Mistake:       	White=2     	Black=6      Inaccurate:     	White=3     	Black=7      OK:         	White=18    	Black=13     Best:        	White=2     	---        Strong:       	White=1     	---} 1-0

[Event "Turkish Youth Teams U18 2024"]
[Site "Karaman"]
[Date "2024.04.21"]
[Round "3"]
[White "Camlar, Arda"]
[Black "Oktem, Ege Tuna"]
[Result "1-0"]
[ECO "A08"]
[WhiteElo "2389"]
[BlackElo "2076"]
[Annotator "TA"]
[PlyCount "111"]
[EventDate "2024.04.21"]
[EventType "team-tourn"]
[EventCountry "TUR"]
[SourceTitle "playchess.com"]
[Source "ChessBase"]
[SourceQuality "1"]
[TimeControl "5400+30"]

1. Nf3 d5 2. g3 Nf6 3. Bg2 g6 4. O-O Bg7 5. d3 O-O 6. c3 c5 7. Bf4 Nc6 8. Ne5 Nxe5 9. Bxe5 {[%emt 0:00:00] The position is equal.} Ne8 10. Bxg7 Kxg7 11. Qb3 Nf6 12. c4 d4 13. Nd2 Qc7 14. a3 Bd7 15. Qc2 (15. Bxb7 $2 {too greedy.} Rab8 16. Qa2 Qxb7 $19) (15. Qxb7 Qxb7 16. Bxb7 Rab8 $19) 15... Bc6 16. Bxc6 Qxc6 17. b4 b6 18. Rfb1 Rab8 19. a4 e5 20. a5 h5 21. h4 Ng4 ({Better is} 21... b5 $11) 22. axb6 axb6 23. Ra6 Ra8 24. b5 Qc7 25. Qa4 Rab8 26. Ra7 Rb7 (26... Qd8 $14) 27. Ra1 (27. Rxb7 {seems wilder.} Qxb7 28. Ra1 Rb8 29. Qa7) 27... Nf6 {[%emt 0:06:50] [#]} (27... Rfb8 $14) 28. Rxb7 $1 $16 Qxb7 29. Qa7 Rb8 30. Qxb7 Rxb7 {[%emt 0:00:30][%mdl 4096] Endgame. KRN-KRN} 31. Ra8 Re7 32. f3 Re6 33. Rb8 Rd6 34. Kg2 Nd7 35. Rb7 {[%emt 0:01:30] Ne4 is the strong threat.} Nf6 36. Kh3 {[%emt 0:01:30] White is more active.} Re6 {[%emt 0:00:30] [#]} (36... Kf8 $16 37. g4 Re6) 37. g4 $1 $18 {[%emt 0:00:30] Strongly threatening g5.} hxg4+ (37... Kf8 $16) 38. fxg4 Kf8 39. g5 Nh5 40. Kg4 f5+ $2 {[%emt 0:00:30][%mdl 8192] Black cannot hold the game after this.} (40... Nf4 $16) 41. gxf6 Nxf6+ 42. Kf3 ({And not} 42. Kg5 Nh5 $11) 42... Ke8 43. Ne4 Nxe4 $2 (43... Nh5 44. Ng5 e4+ 45. Nxe4 Kd8) 44. Kxe4 {[%emt 0:00:00] KR-KR} Kd8 45. Kd5 Rf6 46. Kxe5 Rf2 47. Rxb6 Rxe2+ 48. Kd6 Kc8 {[%emt 0:00:56] Against Rb8+} 49. Kxc5 Rh2 50. Rxg6 {[%emt 0:00:00] White mates.} Rxh4 51. Kb6 Rh8 52. c5 Kb8 53. c6 Ka8 54. Ka6 Rf8 55. b6 Kb8 56. Rg7 {[%emt 0:00:30] Weighted Error Value: White=0.08 (flawless) /Black=0.38.  Loses game:     	---       	Black=1      Mistake:       	---       	Black=6      Inaccurate:     	White=4     	Black=3      OK:         	White=10    	Black=8      Best:        	White=2     	---        Strong:       	White=2     	---} 1-0

[Event "Turkish Youth Teams U18 2024"]
[Site "Karaman"]
[Date "2024.04.21"]
[Round "3"]
[White "Ince, Taylan Ruzgar"]
[Black "Demirtas, Alper"]
[Result "1/2-1/2"]
[ECO "E11"]
[WhiteElo "2258"]
[BlackElo "2020"]
[Annotator "TA"]
[PlyCount "60"]
[EventDate "2024.04.21"]
[EventType "team-tourn"]
[EventCountry "TUR"]
[SourceTitle "playchess.com"]
[Source "ChessBase"]
[SourceQuality "1"]
[TimeControl "5400+30"]

1. d4 d5 2. c4 e6 3. Nf3 Nf6 4. g3 Bb4+ 5. Bd2 Be7 6. Qc2 O-O 7. Bg2 Nc6 8. O-O {[%emt 0:02:30] White is slightly better.} Ne4 9. Be3 f5 (9... Nd6 $11) 10. Nc3 $14 Bf6 11. Rad1 Ne7 12. Ne5 c6 13. f3 Nxc3 14. Qxc3 Bxe5 15. dxe5 b6 {[%emt 0:00:30] Black is weak on the dark squares} 16. Bf2 {[%emt 0:11:30] White is much more active. The black rooks are passive.} Ba6 17. b3 c5 18. f4 Bb7 19. Qc2 Qc7 20. Rd2 Rad8 21. Rfd1 g6 ({Reject} 21... d4 $6 22. Bxb7 Qxb7 23. e3 $16) 22. Qb2 Rd7 ({Much weaker is} 22... d4 23. Bxb7 Qxb7 24. e3 $16) (22... Bc6 $142) 23. b4 $11 cxb4 (23... d4 24. Bxb7 Qxb7 25. bxc5 bxc5 26. Qxb7 Rxb7 27. e3 $15) 24. Qxb4 Rc8 25. Qa4 Bc6 26. Qa3 Kf7 27. cxd5 Bxd5 28. e4 fxe4 29. Bxe4 Qc3 30. Qxc3 Rxc3 {[%emt 0:00:00] Weighted Error Value: White=0.12 (very precise) /Black=0.10 (very precise) .  Mistake:       	---       	Black=2      Inaccurate:     	White=5     	Black=3      OK:         	White=9     	Black=10     Best:        	White=1     	Black=1} 1/2-1/2

[Event "Turkish Youth Teams U18 2024"]
[Site "Karaman"]
[Date "2024.04.21"]
[Round "3"]
[White "Engin, Onur Cinar"]
[Black "Tarhan, Adar"]
[Result "0-1"]
[ECO "C54"]
[WhiteElo "2101"]
[BlackElo "2446"]
[Annotator "TA"]
[PlyCount "52"]
[EventDate "2024.04.21"]
[EventType "team-tourn"]
[EventCountry "TUR"]
[SourceTitle "playchess.com"]
[Source "ChessBase"]
[SourceQuality "1"]
[TimeControl "5400+30"]

1. e4 e5 2. Nf3 Nc6 3. Bc4 Bc5 4. c3 Nf6 5. d4 exd4 6. e5 d5 7. Bb5 Ne4 8. cxd4 Bb6 9. Nc3 O-O 10. Be3 Ne7 11. O-O Bg4 12. Bd3 {[%emt 0:09:30] The position is equal.} f5 13. exf6 Nxf6 14. h3 Bh5 15. g4 Nxg4 16. hxg4 Bxg4 17. Be2 Nf5 {[%emt 0:03:30] White should prevent ...Bxf3.} 18. Kh1 $2 {[%emt 0:29:30][%mdl 8192] This move loses the game for White.} (18. Ne5 $11 {and White has nothing to worry.} Bh3 19. Nxd5 Nxe3 (19... Qxd5 $2 20. Bc4 $18) (19... Bxf1 20. Bxf1 Nxe3 21. Nxe3 $14) 20. Nxe3) 18... Bxf3+ $19 19. Bxf3 c6 {[%emt 0:01:30] [#] Threatens to win with ...Qh4+.} ({Don't do} 19... Qh4+ 20. Kg2 c6 (20... Nxd4 $2 {loses.} 21. Bxd5+ Kh8 22. Rh1 $18) (20... Bxd4 21. Nxd5 Nxe3+ 22. fxe3 $11) 21. Rh1 Nxe3+ 22. fxe3 Qg5+ 23. Bg4 $17) 20. Re1 $2 (20. Bxd5+ cxd5 21. Qg4) 20... Qh4+ 21. Kg2 Rae8 22. Rh1 Nxe3+ 23. fxe3 Qg5+ 24. Kf2 Qxe3+ {[%emt 0:00:00] Black mates.} 25. Kg2 Qg5+ 26. Kf2 Qg4 {[%emt 0:00:00] Weighted Error Value: White=1.37/Black=0.08 (flawless) .  Loses game:     	White=1     	---        Mistake:       	White=1     	---        Inaccurate:     	White=1     	Black=1      OK:         	White=3     	Black=7} 0-1

[Event "Turkish Youth Teams U18 2024"]
[Site "Karaman"]
[Date "2024.04.21"]
[Round "3"]
[White "Yildiz, Serdar Murat"]
[Black "Taspinar, Yanki"]
[Result "1/2-1/2"]
[ECO "C58"]
[WhiteElo "2021"]
[BlackElo "2298"]
[Annotator "TA"]
[PlyCount "37"]
[EventDate "2024.04.21"]
[EventType "team-tourn"]
[EventCountry "TUR"]
[SourceTitle "playchess.com"]
[Source "ChessBase"]
[SourceQuality "1"]
[TimeControl "5400+30"]

1. e4 e5 2. Nf3 Nc6 3. Bc4 Nf6 4. Ng5 d5 5. exd5 Na5 6. Bb5+ c6 7. dxc6 bxc6 8. Bd3 Nd5 9. h4 (9. Nxh7 Nf4 10. Be4 f5 $17) 9... Qc7 10. Nc3 (10. Nxh7 Be7 11. Qh5 g6 $17 (11... Nf4 12. Nf6+ Bxf6 13. Qxh8+ $16)) 10... h6 {[%emt 0:14:30] The position is equal.} 11. Nxd5 (11. Nf3 {simplifies} Bd6 12. Ne4 O-O 13. Nxd6 Qxd6 14. O-O) 11... cxd5 12. Qh5 Bc5 $1 13. b4 Bxb4 {[%emt 0:00:30] aiming for ...0-0.} 14. Nxf7 O-O (14... Qxf7 $2 15. Bg6 (15. Qxe5+ $2 Qe6 $19) 15... O-O 16. Bxf7+ $18) 15. Nxe5 {[%emt 0:02:30] [#] Black must now prevent 0-0.} Rf5 $1 16. Qe8+ (16. Bxf5 $2 {is the wrong capture.} Qxe5+ 17. Qe2 Qxf5 $19 (17... Qxa1 $2 {too greedy.} 18. Qe8+ Bf8 19. O-O $18)) 16... Rf8 17. Qh5 {[%emt 0:00:30] Threatens to win with 0-0.} Rf5 $1 18. Qe8+ (18. Bxf5 $2 {loses.} Qxe5+ 19. Qe2 Qxf5 (19... Qxa1 $2 20. Qe8+ Bf8 21. O-O $18) 20. Qe8+ Kh7 $19) 18... Rf8 19. Qh5 {[%emt 0:00:30] Weighted Error Value: White=0.05 (flawless) /Black=0.04 (flawless) .  Inaccurate:     	White=1     	Black=1      OK:         	White=7     	Black=3      Best:        	White=1     	Black=2      Strong:       	---       	Black=3} 1/2-1/2

[Event "Turkish Youth Teams U18 2024"]
[Site "Karaman"]
[Date "2024.04.21"]
[Round "3"]
[White "Yilmaz, Kerem Tuna"]
[Black "Dogan, Umut Anil"]
[Result "1/2-1/2"]
[ECO "B12"]
[WhiteElo "2009"]
[BlackElo "1983"]
[Annotator "TA"]
[PlyCount "96"]
[EventDate "2024.04.21"]
[EventType "team-tourn"]
[EventCountry "TUR"]
[SourceTitle "playchess.com"]
[Source "ChessBase"]
[SourceQuality "1"]
[TimeControl "5400+30"]

1. e4 c6 2. d4 d5 3. e5 Bf5 4. h4 h5 5. c4 e6 6. Nc3 dxc4 7. Bxc4 Nd7 8. Bg5 Qb6 9. Qd2 (9. Nge2 $142) 9... Ne7 10. Nge2 O-O-O 11. Qe3 (11. Qc1 $1 $11) 11... f6 $15 12. Bf4 Ng6 13. Bg3 fxe5 14. O-O Be7 15. Na4 {[%emt 0:07:35] [#]} (15. Ne4 $17 {was worth a try.}) 15... Qa5 $1 $19 16. Bb3 Nf6 (16... Bxh4 17. Bxh4 Nxh4 18. Rad1 $17) (16... Nxh4 $19 {is more deadly. Threatens to win with ...Ng6.} 17. f3 g5) 17. dxe5 (17. Rad1 $17 {was necessary.}) 17... Ng4 18. Qc1 (18. Qc3 $142 Qxc3 19. Naxc3) 18... N6xe5 ({But not} 18... Nxh4 19. f3 Nxe5 20. Nf4) 19. Nf4 {[%emt 0:02:07][%cal Of2f3] [#]} Rh6 $2 (19... g5 $1 $19 20. f3 gxf4 21. Qxf4 Bd6 (21... Bc5+ 22. Nxc5 Qxc5+ 23. Kh1 $15) 22. fxg4 Nxg4) 20. Nh3 $2 (20. f3 $11) 20... Rg6 $2 ({Better is} 20... Nd3 $19 21. Qd1 Ndxf2) 21. Ng5 $2 (21. Nf4 $11 {and White stays safe.}) 21... Nd3 22. Qc4 Nge5 23. Qc2 (23. Bxe5 $142 Qxe5 24. Nf7) 23... Bxg5 24. hxg5 Rxg5 25. Qe2 Rg4 {[%emt 0:02:30] ...h4 is the strong threat.} 26. Nc3 $2 (26. Rad1) 26... h4 27. Bxe5 Qxe5 28. Qxe5 Nxe5 29. f3 Rg6 30. Rad1 {[%emt 0:00:23] Repels Rd2} Rxd1 31. Nxd1 Nd3 32. Kh2 {[%emt 0:00:30] Against Bh3} Nf4 33. Ne3 Rf6 34. Rd1 Kc7 35. Nc4 Rf8 36. Rd4 Ng6 37. g4 hxg3+ 38. Kxg3 Rh8 39. Nd6 Rh3+ 40. Kf2 Ne5 41. Ne8+ Kb6 42. Rb4+ Kc5 43. Rxb7 Rxf3+ (43... Nxf3 44. Nxg7 Nd4 45. Nxf5 exf5 46. Rxa7 $17) 44. Ke2 g5 45. Rxa7 g4 $2 (45... Bd3+ $19 46. Kd2 g4 47. Ra5+ Bb5) 46. Ra5+ $11 {[%emt 0:00:30] The position is equal.} Kd4 {[%emt 0:00:30] Strongly threatening ...Bd3+.} 47. Ra4+ Kc5 48. Ra5+ Kd4 {[%emt 0:00:00] Weighted Error Value: White=0.78/Black=0.85.  Loses game:     	White=2     	---        Missed win:     	---       	Black=3      Mistake:       	White=7     	Black=1      Inaccurate:     	White=5     	Black=4      OK:         	White=5     	Black=12     Best:        	White=6     	Black=5      Strong:       	---       	Black=1} 1/2-1/2

[Event "Turkish Youth Teams U18 2024"]
[Site "Karaman"]
[Date "2024.04.21"]
[Round "3"]
[White "Buyuk, Eymen Eren"]
[Black "Ilgaz, Yusuf Kerem"]
[Result "1/2-1/2"]
[ECO "E53"]
[WhiteElo "1998"]
[BlackElo "1957"]
[Annotator "TA"]
[PlyCount "158"]
[EventDate "2024.04.21"]
[EventType "team-tourn"]
[EventCountry "TUR"]
[SourceTitle "playchess.com"]
[Source "ChessBase"]
[SourceQuality "1"]
[TimeControl "5400+30"]

1. d4 d5 2. c4 e6 3. Nc3 Bb4 4. e3 c5 5. a3 Bxc3+ 6. bxc3 Nf6 7. Bd3 dxc4 8. Bxc4 O-O 9. Nf3 Qc7 10. Be2 Nbd7 11. O-O b6 12. a4 Bb7 13. Ba3 Rfd8 14. h3 Rac8 15. Qb3 cxd4 16. cxd4 Qc2 17. Qxc2 Rxc2 18. Bd3 Rc3 19. Rfd1 Rdc8 20. Bb4 {[%emt 0:07:30] This pair of bishops is nice.} Rb3 21. Be1 h6 22. Rab1 {[%emt 0:15:30] [#]} (22. Be2 $14) 22... Rxd3 $1 $11 23. Rxd3 {[%emt 0:00:30] aiming for Rdd1.} Be4 24. Rdb3 Bxb1 $15 25. Rxb1 a5 26. Rb2 {[%emt 0:11:00] Inhibits Rc2.} Rc1 27. Ra2 Ne4 28. Kf1 Ndf6 29. Ke2 Nd5 30. Ra3 Rb1 (30... f6 $15 {is superior.}) 31. Kd3 $11 Ng5 32. Nxg5 {[%emt 0:01:30] [#] Strongly threatening Nf3.} Rxe1 {[%emt 0:00:56][%mdl 4096] Endgame. KRN-KRN} 33. Nf3 Rb1 34. Nd2 Rb2 35. f3 Kf8 36. Ke2 Ke7 37. Kd1 Nb4 38. g3 Rc2 39. e4 Kd6 40. Rb3 {[%emt 0:01:43][%cal Ob3b4] Rxb4! would now be deadly.} Ra2 (40... Rc6 $15) 41. Ra3 Rxa3 42. Nc4+ Kc6 43. Nxa3 {[%emt 0:00:00] KN-KN} Nd3 44. Nc4 b5 45. axb5+ (45. Nxa5+ Kb6 46. Kd2 Kxa5 $19) 45... Kxb5 46. Nd6+ Kb4 47. Kc2 $2 {[%emt 0:01:31][%mdl 8192] Against a4} (47. Kd2 $1 $11 Nf2 48. Nxf7 Nxh3 49. d5 exd5 50. exd5) 47... Ne1+ $19 48. Kb2 Nxf3 49. Nxf7 Nxd4 50. h4 a4 51. Ne5 Ne2 52. Nc6+ (52. g4 $142 Kc5 53. Nd7+ Kd4 54. Ka2) 52... Kc5 53. Nd8 Kd6 54. g4 Ng3 55. Ka3 Nxe4 56. Kxa4 Ke7 57. Nc6+ Kf6 {[%emt 0:00:02] Hoping for ...g5.} 58. Nd4 g5 59. hxg5+ hxg5 60. Kb3 Ke5 61. Ne2 Nf2 62. Kc2 Ke4 63. Kd2 Nxg4 64. Ng1 Nh2 65. Ke2 g4 66. Kf2 Nf3 67. Ne2 e5 68. Kg3 Kf5 69. Nc3 Nd2 70. Nd5 Ne4+ $2 (70... Kg5 $19 {...Ne4+ is the strong threat.} 71. Nc3 Kh5) 71. Kh4 $1 $11 {[%emt 0:00:58] The position is equal.} g3 {[%emt 0:01:14] ( -> ...Nf6)} 72. Kh3 Kg5 73. Kg2 $1 Kg4 {[%emt 0:01:06] White must now prevent ...Nd6.} (73... Kh4 $5 74. Ne7 $8 Kg5 $11) 74. Ne3+ Kg5 75. Kf3 Nf6 76. Kxg3 Nd7 77. Kf3 Kf6 78. Ng4+ Ke6 79. Nxe5 Kxe5 {[%emt 0:00:00] Black had all chances to win.   Weighted Error Value: White=0.54/Black=0.08 (flawless) .  Loses game:     	White=1     	---        Mistake:       	White=3     	Black=2      Inaccurate:     	White=5     	Black=3      OK:         	White=21    	Black=20     Best:        	White=4     	Black=6      Strong:       	White=1     	---} 1/2-1/2

[Event "Turkish Youth Teams U18 2024"]
[Site "Karaman"]
[Date "2024.04.21"]
[Round "3"]
[White "Orhon, Bora"]
[Black "Arslan, Muhammed Emin"]
[Result "1-0"]
[ECO "B22"]
[WhiteElo "1997"]
[BlackElo "2251"]
[Annotator "TA"]
[PlyCount "93"]
[EventDate "2024.04.21"]
[EventType "team-tourn"]
[EventCountry "TUR"]
[SourceTitle "playchess.com"]
[Source "ChessBase"]
[SourceQuality "1"]
[TimeControl "5400+30"]

1. e4 c5 2. c3 g6 3. d4 cxd4 4. cxd4 d5 5. Nc3 dxe4 6. Bc4 Bg7 7. Qb3 e6 8. d5 {[%emt 0:00:30][%cal Rd5e6] Against Nc6. The position is equal.} Nf6 9. dxe6 fxe6 10. Bxe6 Bxe6 11. Qxe6+ Qe7 12. Qxe7+ Kxe7 13. Bg5 Nbd7 14. Nxe4 Rhe8 (14... Rac8 $14 {might be stronger.}) 15. O-O-O $16 {[%emt 0:03:30] White is more active.} Kf8 16. Nxf6 Nxf6 17. Nf3 Rac8+ 18. Kb1 Re2 19. Rd2 Rce8 20. Rhd1 Rxd2 21. Bxd2 ({But not} 21. Nxd2 Re2 $11) 21... Re2 22. Bb4+ Ke8 23. Re1 Rxe1+ 24. Bxe1 {[%emt 0:00:09][%mdl 4096] Endgame. KBN-KBN} Nd5 25. Bd2 Kd7 26. Kc2 h6 27. b3 g5 28. h3 Kd6 (28... Ke6 $16 {was called for.} 29. g3 a6) 29. Kd3 $18 Ke6 30. g4 a6 31. Nd4+ Ke5 32. Nf3+ Ke6 33. h4 gxh4 (33... Nf6 $142) 34. Nxh4 Nf6 35. Bc3 Bf8 (35... Ne8 $142 36. Bxg7 Nxg7) 36. Bxf6 Kxf6 {[%emt 0:00:01] KB-KN} 37. f4 Ba3 38. Ke4 Bb4 (38... Ke6 $142 39. Nf5 Bf8 40. Nd4+ Kf6) 39. Nf5 Bf8 {[%emt 0:00:52] [#]} 40. Nxh6 $1 Bxh6 (40... Kg7 41. Nf5+) 41. g5+ {[%emt 0:00:30] White mates.} Bxg5 42. fxg5+ Kxg5 {[%emt 0:00:30] KPP-KPP} 43. Kd5 Kf5 44. Kc5 Ke5 45. Kb6 Kd5 46. Kxb7 a5 47. Kb6 {[%emt 0:00:00] Weighted Error Value: White=0.10 (very precise) /Black=0.41.  Mistake:       	---       	Black=5      Inaccurate:     	---       	Black=3      OK:         	White=11    	Black=5      Best:        	White=4     	Black=2} 1-0

[Event "Turkish Youth Teams U18 2024"]
[Site "Karaman"]
[Date "2024.04.21"]
[Round "3"]
[White "Senel, Hayri Beyhun"]
[Black "Simsek, Ayaz"]
[Result "1-0"]
[ECO "A08"]
[WhiteElo "1961"]
[BlackElo "1867"]
[Annotator "TA"]
[PlyCount "159"]
[EventDate "2024.04.21"]
[EventType "team-tourn"]
[EventCountry "TUR"]
[SourceTitle "playchess.com"]
[Source "ChessBase"]
[SourceQuality "1"]
[TimeControl "5400+30"]

1. Nf3 d5 2. g3 Nf6 3. Bg2 g6 4. d3 Bg7 5. O-O O-O 6. c3 c5 7. Bf4 {[%emt 0:02:00] A08: King's Indian Attack.} Nc6 8. Ne5 Nxe5 9. Bxe5 Nh5 $146 ({Predecessor:} 9... Be6 10. Nd2 Qd7 11. b4 cxb4 12. cxb4 Bh3 13. Qb3 Bxg2 14. Kxg2 Ng4 15. Bxg7 Kxg7 {1-0 Ozen,B (2369)-Skliarov,V (2384) Titled Tuesday intern op 22nd Nov Early blitz 2022 (3)}) 10. Bxg7 Kxg7 11. Qb3 Nf6 12. c4 d4 13. Nd2 Qc7 14. a3 Bd7 15. Qc2 Bc6 16. b4 Bxg2 17. Kxg2 b6 18. Rab1 Qc6+ 19. Kg1 Rfb8 20. bxc5 bxc5 21. Rb2 Rb6 22. Rfb1 h5 23. h4 Rab8 24. Rxb6 (24. Kh2 {is interesting.} Qe6 25. Nf3 Qd7 26. Qc1) 24... Rxb6 25. Rxb6 axb6 26. Nf3 Ng4 27. Qb3 e5 28. Qb5 Qa8 29. a4 (29. Qxb6 $14 e4 30. dxe4 Qxa3 31. Kg2) 29... e4 $11 30. Ng5 exd3 31. exd3 Qb7 32. Qe8 Qc7 33. Qe4 Qd7 34. Qa8 $2 (34. Kf1 $11) 34... Qf5 $2 (34... Ne5 $19 35. a5 (35. Qe4 $2 Qf5 $19) 35... bxa5 (35... Nxd3 $2 36. axb6 Qf5 37. Qg2 $18) 36. Qxa5 Nxd3) 35. Qf3 $2 (35. Ne4 $1 $11 {and White is okay.}) 35... Ne5 $1 $19 36. Qb7 $2 (36. Qxf5 gxf5 37. Nh3 Nxd3 38. Kf1) 36... Nxd3 $19 (36... Qxd3 37. Ne6+ Kf6 38. Nf4 Qb1+ (38... Qxc4 39. Qxb6+ Kg7 40. Qd6 $17) 39. Kg2 $19) 37. f3 Ne5 38. Qd5 d3 $2 (38... Qb1+ $19 39. Kg2 Qb2+ 40. Kh3 d3 (40... Qe2 $2 41. f4 $19)) 39. Kf1 $17 Ng4 (39... Qf6 $17 40. Qe4 Nd7) 40. Qxf5 $1 $15 Ne3+ 41. Ke1 (41. Kf2 $1 $15 Nxf5 42. Ne4) 41... Nxf5 ({Black should try} 41... gxf5 $19 42. Kd2 Nxc4+ 43. Kxd3 Nb2+ 44. Kc3 Nxa4+ 45. Kb3 b5) 42. Ne4 $1 $15 Nd4 43. Kd2 $2 (43. Kf2 $1 $15) 43... Nxf3+ $19 44. Kxd3 Ne5+ 45. Kc3 Kf8 $2 (45... g5 $1 $19 {...gxh4 would now be deadly.} 46. Nxg5 Kg6) 46. Nd6 $2 (46. Nf6 $11) 46... Nd7 $1 $19 47. Kd3 Ke7 48. Nc8+ Ke6 $2 (48... Kf6 $1 $19 {Threatens to win with ...Kf5.} 49. Ke4 Ke6) 49. Ke4 $11 f6 50. Kf4 Kf7 51. Nd6+ (51. Ke4 $11 {remains equal.} Ke6 52. Kf4) 51... Kg7 (51... Ke7 $1 $17 52. Nb7 Ne5) 52. Nc8 Kh6 $2 (52... Kf7 $11 {and Black has nothing to worry.} 53. Ke4 Ke6) 53. Ke4 $18 Kg7 $2 (53... f5+ 54. Kf4 (54. Kd5 g5 $16) 54... Kg7) 54. Kf4 $2 ({Only move:} 54. Kd5 $18 Kf7 55. Kd6 (55. Kc6 Ne5+ 56. Kd5 Nd3 $18)) 54... Kf7 55. Ke4 Ke6 56. Kf4 g5+ 57. hxg5 fxg5+ 58. Kxg5 Ke5 59. Kxh5 Kd4 60. Nd6 Ke5 $1 (60... Ne5 $2 61. g4 Nd7 (61... Nxc4 62. Nxc4 Kxc4 63. g5 Kd4 64. g6 c4 65. g7 c3 66. g8=Q) 62. g5 $18) 61. Nc8 Kd4 62. g4 Kxc4 63. g5 Kd5 (63... Kd4 $11) 64. g6 $16 Ke6 $2 {[%emt 0:01:04][%mdl 8192] [#]} (64... Kc6 $16) 65. g7 $1 Nf6+ 66. Kg6 c4 67. Nxb6 c3 {[%emt 0:00:47] [#]} 68. Nd5 $1 c2 69. Nxf6 c1=Q 70. g8=Q+ (70. g8=R Qc2+ 71. Kg5 Qf5+ (71... Qxa4 72. Ng4 $15) 72. Kh4 Qxf6+ $19 (72... Kxf6 73. Rf8+ Kg6 74. Rxf5 Kxf5 75. a5 Kf6 76. a6 Kf7 77. a7)) 70... Kd6 71. Qb8+ Ke6 72. Qb6+ Ke5 73. Nd7+ Ke4 74. Qe6+ Kd4 75. Qe5+ Kd3 76. Qd5+ Ke2 77. Qe4+ Kf2 78. Ne5 Qc7 79. Nd3+ Kg1 80. Qg4+ 1-0